 Dungeon Crawl Stone Soup version 0.30-a0-610-gb513c0a51f (webtiles) character file.

Game seed: 10873080950911298334

178 BaabKaare the Gusty (level 5, -1/35 HPs)
             Began as a Human Air Elementalist on Jan 8, 2023.
             Slain by a water moccasin (5 damage)
             ... on level 5 of the Dungeon.
             The game lasted 00:18:43 (3553 turns).

BaabKaare the Gusty (Human Air Elementalist)        Turns: 3553, Time: 00:18:43

Health: -1/35      AC:  6    Str:  9    XL:     5   Next: 89%
Magic:  5/9        EV: 12    Int: 17    God:
Gold:   170        SH:  0    Dex: 13    Spells: 3/10 levels left

rFire   . . .      SeeInvis .    m - staff of air
rCold   . . .      Faith    .    (no shield)
rNeg    . . .      Spirit   .    a - +0 robe
rPois   .          Reflect  .    i - +2 helmet
rElec   +          Harm     .    (no cloak)
rCorr   .          Rampage  .    h - +0 pair of gloves
Will    .....                    (no boots)
Stlth   ++                       c - amulet of regeneration
HPRegen 1.05/turn                (no ring)
MPRegen 0.11/turn                (no ring)

@: lethally poisoned (-1 -> -5), very slightly contaminated
A: no striking features
a: no special abilities


You were on level 5 of the Dungeon.
You visited 1 branch of the dungeon, and saw 5 of its levels.

You collected 170 gold pieces.

Inventory:

Armour
 a - a +0 robe (worn)
 h - a +0 pair of gloves (worn)
 i - a +2 helmet (worn)
 j - the +1 ring mail of Sunlight {+Inv rPois}
   (You took it off a hobgoblin on level 2 of the Dungeon)

   rPois:     It protects you from poison.
   +Inv:      It lets you turn invisible.
Magical Staves
 m - a staff of air (weapon)
Jewellery
 c - an amulet of regeneration (around neck)
 f - a +6 ring of dexterity
Wands
 n - a wand of polymorph (8)
Scrolls
 d - 7 scrolls of identify {unknown}
 g - a scroll of fog {unknown}
 o - a scroll of noise {unknown}
Potions
 e - a potion of curing
 k - 2 potions of brilliance {unknown}
 l - a potion of lignification {unknown}


   Skills:
 + Level 0.2 Fighting
 + Level 2.7 Dodging
 + Level 2.4 Stealth
 + Level 0.5 Unarmed Combat
 + Level 3.1 Spellcasting
 + Level 2.5 Conjurations
 + Level 4.0 Air Magic


You had 3 spell levels left.
You knew the following spells:

 Your Spells              Type           Power      Damage    Failure   Level
a - Shock                 Conj/Air       80%        1d8       4%          1
b - Static Discharge      Conj/Air       40%        2-4/arc   7%          2
c - Airstrike             Air            12%        2d(2-18)  32%         4

Your spell library contained the following spells:

 Spells                   Type           Power      Damage    Failure   Level
 Swiftness                Air            24%        N/A       10%         3
 Ensorcelled Hibernation  Hex/Ice        4%         N/A       26%         2
 Passwall                 Tmut/Erth      1%         N/A       26%         2
 Olgreb's Toxic Radiance  Pois           2%         N/A       86%         4
 Ozocubu's Refrigeration  Ice            1%         4d7       100%        7
 Ignition                 Fire           1%         3d3       100%        8


Dungeon Overview and Level Annotations

Branches:
Dungeon (5/15)
 Temple: D:4-7

Altars:


Message History

The water moccasin completely misses you.
The orc priest casts a cantrip, but nothing happens.
Casting: Static Discharge (safe; 7% risk of failure)
Confirm with . or Enter, or press ? or * to list all spells.
You feel a surge of power!
The water moccasin is struck by an arc of lightning.
The water moccasin is heavily wounded.
You resist.
You are struck by an arc of lightning.
The orc is struck by an arc of lightning.
The orc is heavily wounded.
The water moccasin is struck by an arc of lightning.
The water moccasin is heavily wounded.
The lightning grounds out.
The water moccasin bites you!
The water moccasin bites you but does no damage.
The orc priest closely misses you.
The orc hits you with a +1 whip of electrocution.
Casting: Static Discharge (safe; 7% risk of failure)
Confirm with . or Enter, or press ? or * to list all spells.
You feel a surge of power!
The orc priest is struck by an arc of lightning.
The orc priest is heavily wounded.
The water moccasin is struck by an arc of lightning.
The water moccasin is severely wounded.
You resist.
You are struck by an arc of lightning.
The water moccasin is struck by an arc of lightning.
The water moccasin is severely wounded.
You resist.
You are struck by an arc of lightning.
The lightning grounds out.
The orc is struck by an arc of lightning.
You kill the orc!
The water moccasin is struck by an arc of lightning.
The water moccasin is almost dead.
You resist.
You are struck by an arc of lightning.
The water moccasin bites you.
* * * LOW HITPOINT WARNING * * *
You are lethally poisoned!
The water moccasin poisons you! The orc priest barely misses you.
* * * LOW HITPOINT WARNING * * *
You feel very sick. The water moccasin bites you.
You die...

#...
#....>..
#.. ...#
#.# ..#
###.##.#
#......#
###).....#
#.S......#
#@#o)<..##
#.#.....#
#.###!###
#.. #.#
#?# ...
#...#.##
#..##.#
... ..#


You could see a water moccasin.

Vanquished Creatures
  An orc wizard (D:3)
  3 gnolls
  2 adders
  4 dart slugs
  12 orcs
  7 ball pythons
  7 bats
  7 endoplasms
  2 giant cockroaches
  6 hobgoblins
  7 jackals
  4 quokkas
  7 frilled lizards
  4 goblins
  4 kobolds
  6 rats
83 creatures vanquished.

Vanquished Creatures (others)
  4 plants (D:1)
4 creatures vanquished.

Grand Total: 87 creatures vanquished

Notes
Turn   | Place    | Note
-------+----------+-------------------------------------------
     0 | D:1      | BaabKaare the Human Air Elementalist began the quest for
                  | the Orb.
     0 | D:1      | Reached XP level 1. HP: 13/13 MP: 3/3
   348 | D:1      | Reached XP level 2. HP: 19/19 MP: 0/5
   519 | D:1      | Learned a level 2 spell: Static Discharge
   969 | D:1      | Reached XP level 3. HP: 24/24 MP: 3/6
  1495 | D:2      | Reached XP level 4. HP: 29/30 MP: 2/7
  1944 | D:2      | Identified the +1 ring mail of Sunlight {+Inv rPois}
  2196 | D:1      | Learned a level 4 spell: Airstrike
  2513 | D:3      | Reached XP level 5. HP: 35/35 MP: 0/8
  3538 | D:5      | Entered Level 5 of the Dungeon
  3538 | D:5      | Noticed a water moccasin
  3546 | D:5      | Reached skill level 4 in Air Magic
  3553 | D:5      | Slain by a water moccasin

Illustrated notes

Levels and vault maps discovered:
D:1:      minmay_arrival_split_and_join, layout_basic, serial_bayou,
          serial_bayou_lagoon_b, serial_bayou_ford_a, serial_bayou_shore_b,
          serial_bayou_pond_b
D:2:      layout_rooms, moated_statue
D:3:      wander_river, layout_rooms
D:4:      layout_gridville
D:5:      layout_loops_ring, elyvilon_altar_5

Skill      XL: |  1  2  3  4  5 |
---------------+----------------+-----
Conjurations   | 2 |  2.5
Spellcasting   | 3 |  3.1
Air Magic      | 4 |  4.0
Fighting       | |  0.2
Dodging        | |  2.7
Stealth        | |  2.4
Unarmed Combat | |  0.5

Action                   |  1- 3 |  4- 6 || total
-------------------------+-------+-------++-------
Melee: Unarmed           |    43 |     1 ||    44
       Staff             |       |    16 ||    16
 Cast: Shock             |    51 |    71 ||   122
       Static Discharge  |     3 |    14 ||    17
       Airstrike         |       |     1 ||     1
  Use: Potion            |     2 |     2 ||     4
Armor: Robe              |    43 |    34 ||    77
Dodge: Dodged            |    78 |    54 ||   132

Table legend: (Time is in decaauts)
 A = Elapsed time spent in this place.
 B = Non-inter-level travel time spent in this place.
 C = Inter-level travel time spent in this place.
 D = Time resting spent in this place.
 E = Time spent auto-exploring this place.
 F = Levels seen in this place.
 G = Mean time per level.
                   A        B        C        D        E       F      G
               +--------+--------+--------+--------+--------+-----+--------+
         Total |   3580 |   3580 |      0 |   1614 |    756 |   5 |  716.0 |
       Dungeon |   3580 |   3580 |      0 |   1614 |    756 |   5 |  716.0 |
               +--------+--------+--------+--------+--------+-----+--------+

Top non-repeatable levels by time:
     D:1: 1385 daAuts
     D:3: 1153 daAuts
     D:2: 846 daAuts
     D:4: 180 daAuts
     D:5: 14 daAuts
